 Dungeon Crawl Stone Soup version 0.26-a0-937-g67df3f2acb (webtiles) character file.

Game seed: 15724707780537753321

0 Descartes the Sneak (level 1, 0/10 HPs)
             Began as a Felid Delver on Nov 26, 2020.
             Killed by divine providence
             ... invoked by an orc priest
              (10 damage)
             ... on level 4 of the Dungeon on Nov 27, 2020.
             The game lasted 00:01:30 (150 turns).

Descartes the Sneak (Felid Delver)                   Turns: 150, Time: 00:01:30

Health: 0/10       AC:  1    Str:  8    XL:     1   Next: 8%
Magic:  2/2        EV: 18    Int: 11    God:
Gold:   0          SH:  0    Dex: 17    Spells: 0/0 levels left
                                        Lives:  0   Deaths: 0

rFire    . . .     SeeInvis +     - Unarmed
rCold    . . .     Faith    .   (shield unavailable)
rNeg     . . .     Spirit   .   (armour unavailable)
rPois    .         Reflect  .   (helmet unavailable)
rElec    .         Harm     .   (cloak unavailable)
rCorr    .         Rampage  .   (gloves unavailable)
MR       .....                  (boots unavailable)
Stlth    ++++......             (no amulet)
HPRegen  0.03/turn              (no ring)
MPRegen  0.08/turn              (no ring)

@: quick
A: very small, no armour, no weapons or thrown items, stealth, claws 1, fangs 3,
see invisible, speed 1, shaggy fur 1, sharp paws
a: no special abilities


You were on level 4 of the Dungeon.
You visited 1 branch of the dungeon, and saw 2 of its levels.

Inventory:

Wands
 e - a wand of digging (3)
Scrolls
 a - a scroll of fog
 b - a scroll of magic mapping
 c - a scroll of fear
Potions
 d - a potion of haste


   Skills:
 - Level 3.0 Fighting
 + Level 2.7 Dodging
 + Level 6.6 Stealth
 + Level 2.0 Unarmed Combat


You couldn't memorise any spells.
You didn't know any spells.
Your spell library was empty.

Dungeon Overview and Level Annotations

Branches:
Dungeon (5/15)
 Temple: D:4-7

Altars:


Innate Abilities, Weirdness & Mutations

You cannot wear armour.
You are incapable of wielding weapons or throwing items.
Your paws allow you to move quietly. (Stealth)
You have sharp claws.
You have razor-sharp teeth.
You have supernaturally acute eyesight. (SInv)
You cover ground quickly.
You are covered in fur. (AC +1)
Your sharp claws are effective at attacking unaware monsters.


Message History

Found a stone staircase leading down and two stone staircases leading up.
Welcome back, Descartes the Felid Delver.
Press ? for a list of commands and other information.
A frilled lizard comes into view.
A water moccasin comes into view.
You pounce on the unaware helpless frilled lizard!
You mangle the frilled lizard!!
You kill the frilled lizard!
You start waiting.
Done waiting.
A gnoll comes into view. It is wielding a +0 club.
There is a stone staircase leading up here.
You climb upwards.
An orc priest and an orc wizard come into view.
The orc priest shouts!
There is a stone staircase leading down here.
The orc priest mumbles some strange prayers to Beogh against you.
Beogh smites you!
Ouch! That really hurt!
You die...

#o... #..o
#... #.. #..
#.# #.####.##
#@.......
#...........##
#############


You could see an orc priest and an orc wizard (wandering).

Vanquished Creatures
  A frilled lizard (D:5)
1 creature vanquished.

Vanquished Creatures (others)
  6 plants (D:5)
6 creatures vanquished.

Grand Total: 7 creatures vanquished

Notes
Turn   | Place    | Note
-------+----------+-------------------------------------------
     0 | D:5      | Descartes the Felid Delver began the quest for the Orb.
     0 | D:5      | Reached XP level 1. HP: 10/10 MP: 2/2
     0 | D:5      | Upgraded the game from 0.26-a0-926-g43279f1ce9 to
                  | 0.26-a0-937-g67df3f2acb
     3 | D:5      | Noticed a water moccasin
   149 | D:4      | Noticed an orc wizard
   149 | D:4      | Noticed an orc priest
   150 | D:4      | Killed from afar by an orc priest

Illustrated notes

Levels and vault maps discovered:
D:4:      layout_basic, lemuel_crystal_altar, serial_shops,
          nicolae_shop_statue_plus, shop, shop, nicolae_shop_statue_plus,
          nicolae_shop_temple_entry_statues_fountains,
          nicolae_gozag_cash_rules_everything_around_me, uniq_blork_the_orc
D:5:      layout_rooms, nicolae_overflow_hidden_temple, minivault_4,
          serial_bayou_ford_a

Action                   || total
-------------------------++-------
Melee: Unarmed           ||     1
 Stab: Sleeping          ||     1

Table legend: (Time is in decaauts)
 A = Elapsed time spent in this place.
 B = Non-inter-level travel time spent in this place.
 C = Inter-level travel time spent in this place.
 D = Time resting spent in this place.
 E = Time spent auto-exploring this place.
 F = Levels seen in this place.
 G = Mean time per level.
                   A        B        C        D        E       F      G
               +--------+--------+--------+--------+--------+-----+--------+
         Total |    140 |    140 |      0 |    100 |      0 |   2 |   70.0 |
       Dungeon |    140 |    140 |      0 |    100 |      0 |   2 |   70.0 |
               +--------+--------+--------+--------+--------+-----+--------+

Top non-repeatable levels by time:
     D:5: 139 daAuts
     D:4: 0 daAuts
